 Dungeon Crawl Stone Soup version 0.22.1-6-g1668fe2 (webtiles) character file.

13478 dengdeng the Fencer (level 11, -2/96 (97) HPs)
             Began as a Minotaur Berserker on Jan 26, 2019.
             Was a High Priest of Trog.
             Slain by an unseen horror (4 damage)
             ... on level 11 of the Dungeon.
             The game lasted 00:41:18 (9933 turns).

dengdeng the Fencer (Minotaur Berserker)            Turns: 9933, Time: 00:41:19

HP:   -2/96 (97)    AC: 17    Str: 24    XL:     11   Next: 76%
MP:   10/10         EV: 10    Int:  4    God:    Trog [*****.]
Gold: 402           SH:  4    Dex: 19    Spells: 10/10 levels left

rFire    . . .     SeeInvis .   M - +0 great sword
rCold    . . .     Gourm    .   (shield currently unavailable)
rNeg     . . .     Faith    .   L - +0 plate armour
rPois    +         Spirit   .   (helmet restricted)
rElec    +         Reflect  +   n - +0 cloak
rCorr    .         Harm     .   (no gloves)
MR       .....                  H - +0 pair of boots
Stlth    ..........             s - +4 amulet of reflection
HPRegen  0.26/turn              t - ring of Zin's Wrath {rElec rPois Dex+4}
MPRegen  0.12/turn              R - +4 ring of dexterity

@: no status effects
A: retaliatory headbutt, horns 2
a: Berserk, Trog's Hand, Brothers in Arms, Renounce Religion


You were on level 11 of the Dungeon.
You worshipped Trog.
Trog was extremely pleased with you.
You were very hungry.

You visited 1 branch of the dungeon, and saw 11 of its levels.

You collected 726 gold pieces.
You spent 324 gold pieces at shops.

Inventory:

Hand Weapons
 J - a +0 long sword
 M - a +0 great sword (weapon)
Missiles
 e - 3 tomahawks (quivered)
 f - 281 stones
 N - an exploding tomahawk
Armour
 n - a +0 cloak (worn)
 A - a +0 large shield
 H - a +0 pair of boots (worn)
 L - a +0 plate armour (worn)
Jewellery
 s - a +4 amulet of reflection (around neck)
 t - the ring of Zin's Wrath (left hand) {rElec rPois Dex+4}
   (You found it on level 7 of the Dungeon)

   [ring of poison resistance]

   It affects your dexterity (+4).
   It insulates you from electricity.
   It protects you from poison.
 R - a +4 ring of dexterity (right hand)
Wands
 E - a wand of enslavement (17)
 G - a wand of iceblast (3)
 P - a wand of random effects (34)
 V - a wand of polymorph (19)
Scrolls
 a - 4 scrolls of fear {unknown}
 d - 9 scrolls of remove curse
 g - 11 scrolls of identify
 h - 6 scrolls of teleportation {unknown}
 j - 4 scrolls of magic mapping {unknown}
 k - 2 scrolls of enchant armour {unknown}
 l - 2 scrolls of amnesia {unknown}
 m - 3 scrolls of enchant weapon {unknown}
 o - 4 scrolls of blinking {unknown}
 y - a scroll of random uselessness {unknown}
 C - 4 scrolls of fog {unknown}
 D - a scroll of immolation {unknown}
 O - a scroll of holy word {unknown}
 Q - a scroll of brand weapon {unknown}
 U - a scroll of noise {unknown}
Potions
 b - 3 potions of mutation {unknown}
 i - a potion of cancellation {unknown}
 p - 7 potions of haste {unknown}
 q - 9 potions of curing {unknown}
 r - a potion of ambrosia {unknown}
 u - 2 potions of agility
 v - 2 potions of flight {unknown}
 w - a potion of degeneration {unknown}
 x - 4 potions of brilliance {unknown}
 z - a potion of berserk rage {unknown}
 F - a potion of invisibility {unknown}
 I - 3 potions of heal wounds {unknown}
 K - 3 potions of might {unknown}
Miscellaneous
 S - a phial of floods
 T - a phial of floods
Comestibles
 c - 17 rations


   Skills:
 + Level 9.0 Fighting
 * Level 16.3 Long Blades
 + Level 0.3 Throwing
 + Level 9.6 Armour
 + Level 4.1 Dodging
 + Level 1.0 Stealth
 + Level 7.5 Shields


You had 10 spell levels left.
You didn't know any spells.
Your spell library was empty.

Dungeon Overview and Level Annotations

Branches:
Dungeon (11/15)            Temple (0/1) D:6            Lair (0/6) D:8
    Orc: D:9-12

Altars:
Ashenzari
Fedhas
Hepliaklqana
Sif Muna
Trog
Uskayaw
Vehumet
Xom
Yredelemnul
Zin

Shops:
D:8 =   D:10 *

Annotations:
D:3 3 runed doors, Kairos's ghost, amateur VSFi


Innate Abilities, Weirdness & Mutations

You reflexively headbutt those who attack you in melee.
You have a pair of horns on your head.


Message History

* * * LOW HITPOINT WARNING * * *
You miss something. Something hits you.
* * * LOW HITPOINT WARNING * * *
Something hits you but does no damage. Something hits you.
* * * LOW HITPOINT WARNING * * *
Something hits you but does no damage. Something hits you but does no damage.
Something hits you.
* * * LOW HITPOINT WARNING * * *
Something hits you but does no damage. You block something's attack.
Something hits you but does no damage. Something hits you but does no damage.
Something hits you but does no damage. Something hits you but does no damage.
Something hits you.
* * * LOW HITPOINT WARNING * * *
Something hits you.
You die...

#.......[.###...#......
#.##........#...........
...##..).................
.....#....÷..............
.........................
.........................
....≈....................
...≈≈≈...................
....≈...@................
........................#
...............≈........#
.............≈≈≈.......#
..............≈.........
........................
!.......................
........................
......................#


There were no monsters in sight!

Vanquished Creatures
  Josephine (D:11)
  2 hydras (D:11)
  3 two-headed ogres
  Nergalle (D:11)
  A queen bee (D:9)
  2 hornets
  A hippogriff (D:11)
  5 wraiths (D:10)
  4 yaks (D:10)
  3 hungry ghosts
  A water moccasin (D:9)
  5 orc warriors
  2 ice beasts
  5 sky beasts
  A black bear (D:9)
  2 phantoms
  A necrophage (D:10)
  5 centaurs
  8 ogres
  A big kobold (D:9)
  Blork the orc (D:5)
  5 bullfrogs
  2 wyvern skeletons
  5 scorpions
  15 killer bees
  A howler monkey (D:10)
  5 wights (D:10)
  2 electric eels (D:7)
  3 crimson imps
  A bullfrog zombie (D:9)
  11 orc wizards
  9 hounds
  11 orc priests
  2 gnoll shamans (D:8)
  5 bullfrog skeletons
  A centaur skeleton (D:10)
  6 iguanas
  Ijyb (D:5)
  Terence (D:3)
  5 worker ants
  A hound zombie (D:7)
  A howler monkey zombie (D:6)
  12 gnolls
  10 adders
  2 howler monkey skeletons
  2 oozes
  2 adder skeletons (D:4)
  4 worms
  2 dart slugs
  3 leopard geckos
  46 orcs
  6 giant cockroaches
  4 goblins
  9 hobgoblins (D:8)
  18 jackals
  7 quokkas
  5 ball pythons
  8 bats
  3 frilled lizards
  18 kobolds
  A leopard gecko skeleton (D:2)
  A quokka zombie (D:5)
  5 rats
316 creatures vanquished.

Vanquished Creatures (others)
  An orc wizard (D:8)
  An orc (D:8)
  2 plants (D:8)
4 creatures vanquished.

Grand Total: 320 creatures vanquished

Notes
Turn   | Place    | Note
-------+----------+-------------------------------------------
     0 | D:1      | dengdeng the Minotaur Berserker began the quest for the
                  | Orb.
     0 | D:1      | Reached XP level 1. HP: 19/19 MP: 0/0
   139 | D:1      | Reached skill level 4 in Long Blades
   162 | D:1      | Reached XP level 2. HP: 21/27 MP: 1/1
   397 | D:1      | Reached ** piety under Trog
   397 | D:1      | Reached XP level 3. HP: 33/33 MP: 2/2
   748 | D:2      | Reached skill level 5 in Long Blades
   763 | D:2      | Found a blossoming altar of Fedhas.
   941 | D:2      | Reached XP level 4. HP: 40/40 MP: 3/3
  1021 | D:2      | Found a deep blue altar of Sif Muna.
  1400 | D:3      | Found a runed gate.
  1401 | D:3      | Found a runed gate.
  1401 | D:3      | Found a runed gate.
  1405 | D:3      | Noticed Kairos's ghost (amateur VSFi)
  1505 | D:3      | Noticed Terence
  1514 | D:3      | Killed Terence
  1514 | D:3      | Reached skill level 6 in Long Blades
  1514 | D:3      | Reached XP level 5. HP: 43/46 MP: 4/4
  1713 | D:3      | Reached *** piety under Trog
  1725 | D:3      | Found a glowing silver altar of Zin.
  1728 | D:3      | Noticed an angel
  1731 | D:3      | Found a shimmering altar of Xom.
  2113 | D:4      | Noticed an ogre
  2117 | D:4      | Killed an ogre
  2117 | D:4      | Reached skill level 7 in Long Blades
  2117 | D:4      | Reached XP level 6. HP: 53/53 MP: 5/5
  2188 | D:4      | Reached skill level 5 in Fighting
  2357 | D:4      | Reached XP level 7. HP: 46/61 MP: 6/6
  2367 | D:4      | Reached skill level 8 in Long Blades
  2876 | D:5      | Entered Level 5 of the Dungeon
  2876 | D:5      | Noticed Blork the orc
  2886 | D:5      | Killed Blork the orc
  3047 | D:5      | Noticed Ijyb
  3056 | D:5      | Killed Ijyb
  3194 | D:5      | Reached skill level 9 in Long Blades
  3457 | D:5      | Reached skill level 5 in Armour
  3457 | D:5      | Reached skill level 1 in Shields
  3457 | D:5      | Reached XP level 8. HP: 55/70 MP: 7/7
  4063 | D:5      | You fall through a shaft for 2 floors!
  4326 | D:7      | Got a fine lead ring
  4431 | D:7      | Reached skill level 10 in Long Blades
  4488 | D:7      | Found a hazy altar of Hepliaklqana.
  4508 | D:7      | Found a hide-covered altar of Uskayaw.
  4509 | D:7      | Found a radiant altar of Vehumet.
  4553 | D:7      | Found a shattered altar of Ashenzari.
  4570 | D:7      | Reached **** piety under Trog
  5092 | D:6      | Reached XP level 9. HP: 51/78 MP: 8/8
  5097 | D:6      | Identified the ring of Zin's Wrath {rElec rPois Dex+4} (You
                  | found it on level 7 of the Dungeon)
  5200 | D:6      | Found a staircase to the Ecumenical Temple.
  5807 | D:7      | Reached skill level 11 in Long Blades
  6226 | D:8      | Noticed a two-headed ogre
  6231 | D:8      | Killed a two-headed ogre
  6231 | D:8      | Reached skill level 5 in Shields
  6239 | D:8      | Reached skill level 12 in Long Blades
  6326 | D:8      | Found a basalt altar of Yredelemnul.
  6365 | D:8      | Found Wugis's Jewellery Shop.
  6377 | D:8      | Bought a +4 ring of dexterity for 324 gold pieces
  6605 | D:8      | Found a staircase to the Lair.
  6933 | D:8      | Reached skill level 1 in Stealth
  6941 | D:8      | Reached XP level 10. HP: 73/86 MP: 9/9
  7130 | D:8      | Reached skill level 13 in Long Blades
  7411 | D:9      | Noticed a two-headed ogre
  7418 | D:9      | Killed a two-headed ogre
  7912 | D:9      | Found a bloodstained altar of Trog.
  8049 | D:9      | Received a gift from Trog
  8049 | D:9      | Reached skill level 14 in Long Blades
  8065 | D:9      | Reached ***** piety under Trog
  8260 | D:10     | Entered Level 10 of the Dungeon
  8797 | D:10     | Found Risoxa's Assorted Antiques.
  8945 | D:10     | Reached XP level 11. HP: 82/94 MP: 10/10
  9131 | D:10     | Noticed a two-headed ogre
  9137 | D:10     | Killed a two-headed ogre
  9326 | D:10     | Reached skill level 15 in Long Blades
  9386 | D:11     | Noticed Josephine
  9392 | D:11     | Killed Josephine
  9452 | D:11     | Noticed Nergalle
  9684 | D:11     | Noticed a six-headed hydra
  9692 | D:11     | Killed a nine-headed hydra
  9719 | D:11     | Killed Nergalle
  9719 | D:11     | Reached skill level 16 in Long Blades
  9835 | D:11     | Noticed an eight-headed hydra
  9846 | D:11     | Killed a 13-headed hydra
  9932 | D:11     | HP: 2/96 [something (6)]
  9933 | D:11     | Slain by an unseen horror

Skill      XL: |  1  2  3  4  5  6  7  8  9 10 11 |
---------------+----------------------------------+-----
Long Blades    | 4 5 6 7 9 10 12 14 16 | 16.3
Fighting       | 4 5 6 7 8 9 |  9.0
Armour         | 3 5 6 7 8 9 |  9.6
Dodging        | 3 4 |  4.1
Shields        | 1 3 5 6 7 |  7.5
Stealth        | 1 |  1.0
Throwing       | |  0.3

Action                   |  1- 3 |  4- 6 |  7- 9 | 10-12 || total
-------------------------+-------+-------+-------+-------++-------
Melee: Falchion          |    92 |   114 |    98 |       ||   304
       Headbutt          |    14 |    33 |    83 |    99 ||   229
       Long sword        |       |       |   155 |       ||   155
       Great sword       |       |       |   108 |   309 ||   417
Throw: Tomahawk          |     2 |       |       |     6 ||     8
Invok: Trog's Hand       |       |     3 |     5 |     8 ||    16
       Berserk           |       |     1 |     1 |     3 ||     5
  Use: Scroll            |       |     1 |     3 |       ||     4
  Eat: Chunk             |       |     6 |    17 |    19 ||    42
       Ration            |       |       |     1 |     1 ||     2
Armor: Animal skin       |    16 |       |       |       ||    16
       Scale mail        |    25 |    10 |       |       ||    35
       Chain mail        |       |    56 |    48 |       ||   104
       Plate armour      |       |       |   133 |   303 ||   436
Dodge: Dodged            |    74 |    70 |    86 |   212 ||   442
Block: Large shield      |       |       |   139 |       ||   139
       Other             |       |       |    30 |    93 ||   123
       Reflection        |       |       |     2 |     1 ||     3
       Rpst.: Falchion   |    20 |    14 |     7 |       ||    41
       Long sword        |       |       |     1 |       ||     1
       Great sword       |       |       |    12 |    48 ||    60
